[Event "NOR-ch Various 2019"]
[Site "Larvik"]
[Date "2019.07.06"]
[Round "1.24"]
[White "Furulund, Eirik Eikeland"]
[Black "Strand, Vetle Bjorge"]
[Result "0-1"]
[ECO "C02"]
[WhiteElo "1134"]
[BlackElo "1765"]
[Annotator "NA"]
[PlyCount "64"]
[EventDate "2019.07.06"]
[EventType "swiss"]
[EventCountry "NOR"]
[SourceTitle "playchess.com"]
[Source "ChessBase"]
[SourceQuality "1"]
[TimeControl "40/5400+30:1800+30"]

1. e4 e6 2. d4 d5 3. e5 c5 4. c3 Nc6 5. Nf3 Qb6 6. Be2 cxd4 7. cxd4 Nge7 8. Bd3 Bd7 9. Bc2 Nb4 10. b3 Nxc2+ 11. Qxc2 Rc8 12. Qd1 Nf5 13. a3 Bb5 14. b4 Rc7 15. Bb2 Be7 16. Nc3 Bc4 17. Ne2 Qa6 18. Nc3 O-O 19. Qa4 Qc6 20. Qxc6 Rxc6 21. Kd2 f6 22. Nd1 Rfc8 23. Ne3 Nxe3 24. Kxe3 Bb3 25. Rac1 Rc2 26. Nd2 Ba4 27. f4 fxe5 28. dxe5 a5 29. bxa5 Bc5+ 30. Bd4 Bxd4+ 31. Kxd4 Rxc1 32. Rxc1 Rxc1 0-1

[Event "NOR-ch Various 2019"]
[Site "Larvik"]
[Date "2019.07.06"]
[Round "1.25"]
[White "Olsen, William Alexander"]
[Black "Anfindsen, Andreas Gautestad"]
[Result "1-0"]
[ECO "D41"]
[WhiteElo "1764"]
[BlackElo "1128"]
[Annotator "NA"]
[PlyCount "63"]
[EventDate "2019.07.06"]
[EventType "swiss"]
[EventCountry "NOR"]
[SourceTitle "playchess.com"]
[Source "ChessBase"]
[SourceQuality "1"]
[TimeControl "40/5400+30:1800+30"]

1. Nf3 c5 2. c4 Nf6 3. g3 e6 4. Bg2 Nc6 5. O-O Be7 6. d4 O-O 7. Nc3 d5 8. dxc5 Bxc5 9. cxd5 Nxd5 10. Nxd5 exd5 11. a3 Bf5 12. b4 Bb6 13. Bb2 a5 14. b5 Ne7 15. Nd4 Be4 16. Bxe4 dxe4 17. e3 Qd7 18. Qh5 Rac8 19. Qe5 Ng6 20. Qxe4 Rfe8 21. Qf5 Qd6 22. Rfd1 Rc5 23. Qf3 Qe7 24. Rac1 Ne5 25. Qe4 Qf6 26. f4 Rd5 27. Qxd5 Ng4 28. Qd7 Rd8 29. Qxg4 Qe7 30. Re1 Qe4 31. Rc8 Qe7 32. Nf5 1-0

[Event "NOR-ch Various 2019"]
[Site "Larvik"]
[Date "2019.07.06"]
[Round "1.26"]
[White "Strand, Amund Pihl"]
[Black "Unneland, Mathias"]
[Result "0-1"]
[ECO "A45"]
[WhiteElo "1665"]
[BlackElo "2008"]
[Annotator "NA"]
[PlyCount "72"]
[EventDate "2019.07.06"]
[EventType "swiss"]
[EventCountry "NOR"]
[SourceTitle "playchess.com"]
[Source "ChessBase"]
[SourceQuality "1"]
[TimeControl "40/5400+30:1800+30"]

1. d4 Nf6 2. Bf4 c5 3. c3 Qb6 4. Qb3 Qxb3 5. axb3 cxd4 6. cxd4 Nc6 7. Nf3 e6 8. Nc3 Bb4 9. e3 Nd5 10. Rc1 Nxf4 11. exf4 d5 12. Bb5 O-O 13. O-O Na5 14. Na2 Bd6 15. b4 a6 16. bxa5 axb5 17. b4 Bxf4 18. Rc5 Bd7 19. Ne5 Bxe5 20. dxe5 Rfc8 21. Rxc8+ Rxc8 22. Rc1 f6 23. f4 g5 24. g3 Kf7 25. Kf2 gxf4 26. gxf4 Kg6 27. Rxc8 Bxc8 28. Nc1 fxe5 29. fxe5 Kf5 30. Nd3 Ke4 31. Ke2 Kd4 32. Kd2 Kc4 33. Kc2 h5 34. h4 Kd4 35. Kd2 Ke4 36. Ke2 d4 0-1

[Event "NOR-ch Various 2019"]
[Site "Larvik"]
[Date "2019.07.06"]
[Round "1.27"]
[White "Fuglestein, Sander"]
[Black "Fossum, Sindre"]
[Result "1-0"]
[ECO "A90"]
[WhiteElo "1997"]
[BlackElo "1646"]
[Annotator "NA"]
[PlyCount "91"]
[EventDate "2019.07.06"]
[EventType "swiss"]
[EventCountry "NOR"]
[SourceTitle "playchess.com"]
[Source "ChessBase"]
[SourceQuality "1"]
[TimeControl "40/5400+30:1800+30"]

1. d4 f5 2. c4 Nf6 3. g3 e6 4. Bg2 d5 5. Nf3 c6 6. O-O Bd6 7. b3 Qe7 8. Bb2 O-O 9. Qc1 Bd7 10. Ba3 Bxa3 11. Qxa3 Qxa3 12. Nxa3 Be8 13. Ne5 Nbd7 14. Nd3 Bf7 15. Nc2 Rfc8 16. Rfc1 Rc7 17. a4 Rac8 18. c5 Ra8 19. b4 a6 20. b5 Rcc8 21. bxc6 bxc6 22. a5 Be8 23. Rab1 Rcb8 24. Rxb8 Nxb8 25. Rb1 Nfd7 26. Rb7 Kf8 27. Ncb4 Ke7 28. Ne5 Kf6 29. f4 Nxe5 30. fxe5+ Kg6 31. e3 Bd7 32. Bf1 Bc8 33. Rb6 Kh6 34. Nxc6 Nd7 35. Rb1 g5 36. Ne7 g4 37. Nxc8 Rxc8 38. Bxa6 Ra8 39. c6 Rxa6 40. cxd7 Ra8 41. Rc1 Rd8 42. Rc7 Kg7 43. a6 Kf7 44. a7 Ke7 45. Rc8 Kxd7 46. Rxd8+ 1-0

[Event "NOR-ch Various 2019"]
[Site "Larvik"]
[Date "2019.07.06"]
[Round "1.28"]
[White "Machlik, Edit"]
[Black "Andersen, Lars Even"]
[Result "0-1"]
[ECO "D32"]
[WhiteElo "2075"]
[BlackElo "2314"]
[Annotator "NA"]
[PlyCount "52"]
[EventDate "2019.07.06"]
[EventType "swiss"]
[EventCountry "NOR"]
[SourceTitle "playchess.com"]
[Source "ChessBase"]
[SourceQuality "1"]
[TimeControl "40/5400+30:1800+30"]

1. d4 d5 2. c4 e6 3. Nc3 c5 4. cxd5 exd5 5. dxc5 d4 6. Na4 Bxc5 7. Nxc5 Qa5+ 8. Bd2 Qxc5 9. Rc1 Qf5 10. g3 Nc6 11. Bg2 Nge7 12. Nf3 Qh5 13. b4 Bh3 14. Rc5 Nf5 15. O-O Bxg2 16. Kxg2 Rd8 17. Bg5 f6 18. Rxf5 fxg5 19. Rxg5 Qf7 20. b5 Ne7 21. Re5 O-O 22. Ng5 Qf6 23. Qb3+ Kh8 24. h4 Qxe5 25. Nf7+ Rxf7 26. Qxf7 Qd5+ 0-1

[Event "NOR-ch Various 2019"]
[Site "Larvik"]
[Date "2019.07.06"]
[Round "1.29"]
[White "Hobber, Anders"]
[Black "Eliseev, Sergey"]
[Result "1-0"]
[ECO "D00"]
[WhiteElo "2294"]
[BlackElo "2053"]
[Annotator "NA"]
[PlyCount "43"]
[EventDate "2019.07.06"]
[EventType "swiss"]
[EventCountry "NOR"]
[SourceTitle "playchess.com"]
[Source "ChessBase"]
[SourceQuality "1"]
[TimeControl "40/5400+30:1800+30"]

1. d4 Nf6 2. Nf3 g6 3. Nc3 d5 4. Bf4 Bg7 5. Nb5 Na6 6. e3 c6 7. Nc3 Qa5 8. Nd2 Nd7 9. Nb3 Qb6 10. Be2 e5 11. Bg3 Nc7 12. O-O Ne6 13. e4 Nxd4 14. exd5 f5 15. Nxd4 exd4 16. dxc6 bxc6 17. Bc4 dxc3 18. Qd6 Bf6 19. Rad1 Bg5 20. Rfe1+ Kd8 21. Qe5 Rf8 22. Bf7 1-0

[Event "NOR-ch Various 2019"]
[Site "Larvik"]
[Date "2019.07.06"]
[Round "1.30"]
[White "Grover, Sigurd Loe"]
[Black "Hole, Oystein"]
[Result "1-0"]
[ECO "D42"]
[WhiteElo "2052"]
[BlackElo "2293"]
[Annotator "NA"]
[PlyCount "74"]
[EventDate "2019.07.06"]
[EventType "swiss"]
[EventCountry "NOR"]
[SourceTitle "playchess.com"]
[Source "ChessBase"]
[SourceQuality "1"]
[TimeControl "40/5400+30:1800+30"]

1. c4 c6 2. e4 d5 3. exd5 cxd5 4. cxd5 Nf6 5. Nc3 Nxd5 6. Nf3 e6 7. d4 Be7 8. Bd3 O-O 9. O-O Nc6 10. Re1 Nf6 11. a3 b6 12. Bc2 Bb7 13. Qd3 Rc8 14. Bg5 g6 15. Rad1 Nd5 16. Bh6 Re8 17. Bb3 Na5 18. Ba4 Nxc3 19. bxc3 Bc6 20. Bxc6 Rxc6 21. Ne5 Rd6 22. Qf3 f6 23. Nd3 Qc8 24. Nf4 Nc4 25. Nh5 Kf7 26. Ng3 Rd5 27. h4 Bxa3 28. Ne4 Rf5 29. Qe2 Be7 30. Rd3 Rh5 31. Bc1 Rxh4 32. d5 exd5 33. Rxd5 f5 34. Qf3 Kg7 35. Ng3 Bf6 36. Red1 Ne5 37. Qe2 Kg8 1-0

[Event "NOR-ch Various 2019"]
[Site "Larvik"]
[Date "2019.07.06"]
[Round "1.31"]
[White "Lund, Gunnar"]
[Black "Lobersli, Henrik Oie"]
[Result "1-0"]
[ECO "D00"]
[WhiteElo "2285"]
[BlackElo "2046"]
[Annotator "RC"]
[PlyCount "157"]
[EventDate "2019.07.06"]
[EventType "swiss"]
[EventCountry "NOR"]
[SourceTitle "playchess.com"]
[Source "ChessBase"]
[SourceQuality "1"]
[TimeControl "40/5400+30:1800+30"]

1. d4 Nf6 2. Bf4 d5 3. e3 c5 4. c3 Nc6 5. Nd2 cxd4 6. exd4 Bf5 7. Qb3 Qc8 8. Ngf3 e6 9. Nh4 Bg4 10. f3 Bh5 11. g4 Bg6 12. Nxg6 hxg6 13. Bd3 Qd7 14. O-O-O O-O-O 15. h4 Bd6 16. Bg5 Qc7 17. Kb1 Kb8 18. Qc2 Bf4 19. Nb3 Bxg5 20. hxg5 Nd7 21. Bb5 a6 22. Bxc6 Qxc6 23. Rh2 Qd6 24. Rdh1 Rxh2 25. Qxh2 Qxh2 26. Rxh2 Kc7 27. Rh7 Rg8 28. Nd2 Kd6 29. f4 Nf8 30. Rh2 Nd7 31. Nf3 b6 32. Kc2 Kc6 33. Kd3 Kd6 34. b3 b5 35. Rh1 Rb8 36. Rh7 Rg8 37. Rh1 Rb8 38. Nd2 Nb6 39. Nf1 Nd7 40. Ne3 Rg8 41. c4 bxc4+ 42. bxc4 dxc4+ 43. Nxc4+ Kd5 44. Rc1 Rh8 45. Rc3 Rh3+ 46. Ne3+ Kd6 47. Ra3 Nb6 48. Rxa6 Kc7 49. Ke2 Rh2+ 50. Kf3 Kb7 51. Ra3 Rd2 52. Ke4 Re2 53. Rb3 Kc6 54. Rc3+ Kd6 55. Rc2 Re1 56. Kf3 Ra1 57. Rb2 Kc6 58. f5 gxf5 59. gxf5 exf5 60. Nxf5 Nc4 61. Rf2 Kd5 62. Nxg7 Kxd4 63. Kf4 Kd5 64. Nf5 Rg1 65. Nh6 Ke6 66. Re2+ Kd7 67. Ng4 Nd6 68. Nf6+ Kd8 69. Ke5 Nc4+ 70. Kd4 Nd6 71. Kd5 Nf5 72. Ke5 Ng7 73. Rd2+ Kc8 74. Ne4 Ne6 75. Kf6 Re1 76. Nd6+ Kc7 77. Nxf7 Nc5 78. Rc2 Re2 79. Rc3 1-0

[Event "NOR-ch Various 2019"]
[Site "Larvik"]
[Date "2019.07.06"]
[Round "1.32"]
[White "Sidali, Elias Hulleberg"]
[Black "Abdrlauf, Elham"]
[Result "0-1"]
[ECO "B06"]
[WhiteElo "2041"]
[BlackElo "2235"]
[Annotator "NA"]
[PlyCount "82"]
[EventDate "2019.07.06"]
[EventType "swiss"]
[EventCountry "NOR"]
[SourceTitle "playchess.com"]
[Source "ChessBase"]
[SourceQuality "1"]
[TimeControl "40/5400+30:1800+30"]

1. e4 d6 2. d4 Nf6 3. Nc3 g6 4. f3 Bg7 5. Be3 a6 6. a4 b6 7. Bc4 Nbd7 8. Nh3 e6 9. Qd2 Bb7 10. Nf4 O-O 11. O-O c5 12. dxc5 Ne5 13. Be2 dxc5 14. Qxd8 Rfxd8 15. a5 bxa5 16. Rxa5 Nfd7 17. Rfa1 Nc6 18. R5a4 Nb4 19. Bd3 Rac8 20. Rc1 Nb6 21. Ra5 Nxd3 22. cxd3 g5 23. Nh5 Rxd3 24. Bxg5 Nc4 25. Ra2 Bd4+ 26. Kf1 Bc6 27. Ke2 Nxb2 28. Rxb2 Rxc3 29. Rxc3 Bxc3 30. Rc2 Bb5+ 31. Kf2 Bb4 32. Be7 f5 33. Ke3 a5 34. e5 c4 35. Bxb4 axb4 36. g4 b3 37. Rg2 f4+ 38. Kxf4 c3 39. Nf6+ Kh8 40. g5 c2 41. g6 c1=Q+ {[%emt 0:30:09] g7#} 0-1

[Event "NOR-ch Various 2019"]
[Site "Larvik"]
[Date "2019.07.06"]
[Round "1.33"]
[White "Moen, Ole Christian"]
[Black "Larsen, Tor Kristian"]
[Result "1-0"]
[ECO "B31"]
[WhiteElo "2234"]
[BlackElo "2038"]
[Annotator "NA"]
[PlyCount "65"]
[EventDate "2019.07.06"]
[EventType "swiss"]
[EventCountry "NOR"]
[SourceTitle "playchess.com"]
[Source "ChessBase"]
[SourceQuality "1"]
[TimeControl "40/5400+30:1800+30"]

1. e4 c5 2. Nf3 Nc6 3. Bb5 g6 4. O-O Bg7 5. Re1 Nd4 6. Nxd4 cxd4 7. c3 Qb6 8. Na3 Nf6 9. e5 Nd5 10. Qb3 Nc7 11. Bf1 Qxb3 12. axb3 dxc3 13. bxc3 O-O 14. Nc4 f6 15. d4 fxe5 16. Nxe5 d6 17. Bc4+ e6 18. Nf3 b5 19. Bd3 Bb7 20. Ba3 Rad8 21. Ng5 e5 22. Ne4 Bxe4 23. Rxe4 exd4 24. cxd4 Rfe8 25. Rxe8+ Rxe8 26. Bxd6 Bxd4 27. Rd1 Bb6 28. Bg3 a6 29. h4 Ne6 30. Re1 Bd4 31. Be4 Kg7 32. Bc6 Nc7 33. Bxe8 1-0

[Event "NOR-ch Various 2019"]
[Site "Larvik"]
[Date "2019.07.06"]
[Round "1.34"]
[White "Sorgjerd, Jan"]
[Black "Aulin-Jansson, Joran"]
[Result "1/2-1/2"]
[ECO "A32"]
[WhiteElo "2033"]
[BlackElo "2223"]
[Annotator "NA"]
[PlyCount "83"]
[EventDate "2019.07.06"]
[EventType "swiss"]
[EventCountry "NOR"]
[SourceTitle "playchess.com"]
[Source "ChessBase"]
[SourceQuality "1"]
[TimeControl "40/5400+30:1800+30"]

1. d4 Nf6 2. c4 e6 3. Nf3 c5 4. Nc3 cxd4 5. Nxd4 Nc6 6. e3 Bb4 7. Bd2 O-O 8. a3 Bxc3 9. Bxc3 Ne4 10. Qc2 Nxc3 11. Qxc3 b6 12. Nxc6 dxc6 13. Be2 Bb7 14. Bf3 Qf6 15. Qxf6 gxf6 16. O-O-O Rfd8 17. b4 Kf8 18. Kc2 Ke7 19. Kc3 a5 20. Rxd8 axb4+ 21. axb4 Kxd8 22. Rd1+ Kc7 23. Kb3 e5 24. g3 Bc8 25. b5 Bb7 26. Bxc6 Bxc6 27. bxc6 Kxc6 28. h4 Kc7 29. Rd2 f5 30. Kb4 Ra1 31. f4 Rb1+ 32. Kc3 Re1 33. fxe5 Rxe3+ 34. Kd4 Rxg3 35. Rf2 Rg4+ 36. Kd5 f4 37. h5 h6 38. Ra2 Kb7 39. Rb2 Kc7 40. Ra2 Kb7 41. Rb2 Kc7 42. Ra2 1/2-1/2

[Event "NOR-ch Various 2019"]
[Site "Larvik"]
[Date "2019.07.06"]
[Round "1.35"]
[White "Demac, Elias"]
[Black "Myrheim, Hakon Abeland"]
[Result "1-0"]
[ECO "A57"]
[WhiteElo "2215"]
[BlackElo "2032"]
[Annotator "NA"]
[PlyCount "53"]
[EventDate "2019.07.06"]
[EventType "swiss"]
[EventCountry "NOR"]
[SourceTitle "playchess.com"]
[Source "ChessBase"]
[SourceQuality "1"]
[TimeControl "40/5400+30:1800+30"]

1. d4 Nf6 2. c4 c5 3. d5 b5 4. cxb5 a6 5. f3 e6 6. e4 exd5 7. e5 Qe7 8. Qe2 Ng8 9. Nc3 Bb7 10. Nh3 c4 11. Nf4 Qc5 12. Nfxd5 Bxd5 13. Be3 Qb4 14. a3 Qa5 15. Bd2 Be6 16. Nd5 Qd8 17. Qxc4 Bxd5 18. Qxd5 Ra7 19. Bc4 d6 20. Be3 Rd7 21. bxa6 dxe5 22. a7 Rxd5 23. Bxd5 Qa5+ 24. Kf2 Bc5 25. axb8=Q+ Kd7 26. Qb7+ Kd8 27. Rhd1 1-0

[Event "NOR-ch Various 2019"]
[Site "Larvik"]
[Date "2019.07.06"]
[Round "1.36"]
[White "Schreiber, Kevin"]
[Black "Hagesather, Ellen"]
[Result "0-1"]
[ECO "A24"]
[WhiteElo "2030"]
[BlackElo "2193"]
[Annotator "NA"]
[PlyCount "84"]
[EventDate "2019.07.06"]
[EventType "swiss"]
[EventCountry "NOR"]
[SourceTitle "playchess.com"]
[Source "ChessBase"]
[SourceQuality "1"]
[TimeControl "40/5400+30:1800+30"]

1. c4 e5 2. g3 d6 3. Bg2 g6 4. Nc3 Bg7 5. e4 c6 6. Nge2 Nf6 7. d3 O-O 8. O-O Be6 9. h3 Qd7 10. Kh2 d5 11. cxd5 cxd5 12. f4 d4 13. fxe5 Ne8 14. Nb1 Nc6 15. Nd2 Bxe5 16. Nf3 Bg7 17. Bf4 h6 18. Qa4 Rd8 19. b4 a6 20. Rac1 g5 21. Bd2 f5 22. exf5 Rxf5 23. g4 Rb5 24. Rc5 Qd6+ 25. Ng3 Nc7 26. Be1 Ne5 27. Nxe5 Bxe5 28. Rxb5 axb5 29. Qc2 Ra8 30. Qc5 Qxc5 31. bxc5 Rxa2 32. Kg1 Nd5 33. Bxd5 Bxd5 34. Ne4 Bxe4 35. dxe4 d3 36. Bb4 Rb2 37. Ba5 Bd4+ 38. Kh1 d2 39. Rd1 b4 40. Kg2 Bxc5 41. Bc7 Rc2 42. Kf3 b3 0-1

[Event "NOR-ch Various 2019"]
[Site "Larvik"]
[Date "2019.07.06"]
[Round "1.37"]
[White "Thanke, Bror"]
[Black "Fossan, Andreas"]
[Result "1/2-1/2"]
[ECO "C11"]
[WhiteElo "2191"]
[BlackElo "2023"]
[Annotator "NA"]
[PlyCount "96"]
[EventDate "2019.07.06"]
[EventType "swiss"]
[EventCountry "NOR"]
[SourceTitle "playchess.com"]
[Source "ChessBase"]
[SourceQuality "1"]
[TimeControl "40/5400+30:1800+30"]

1. e4 e6 2. d4 d5 3. Nc3 Nf6 4. e5 Nfd7 5. f4 c5 6. Nf3 Nc6 7. Be3 a6 8. Qd2 b5 9. Be2 Be7 10. Nd1 O-O 11. O-O b4 12. Nf2 a5 13. Kh1 Ba6 14. Bxa6 Rxa6 15. dxc5 h6 16. Nd3 Qc7 17. Rac1 Rb8 18. Qf2 a4 19. Qg3 d4 20. Nxd4 Nxd4 21. Bxd4 Nxc5 22. Nf2 Rc6 23. c4 bxc3 24. Qxc3 Rc8 25. Qe3 Qb7 26. Rcd1 Qb5 27. Rfe1 Bh4 28. Re2 Bxf2 29. Rxf2 Na6 30. a3 Nc7 31. h3 Nd5 32. Qd3 Qxd3 33. Rxd3 Rc2 34. f5 Rxf2 35. Bxf2 Rc2 36. fxe6 fxe6 37. Bd4 Kf7 38. Rf3+ Kg6 39. Kh2 Rd2 40. Bc5 Rxb2 41. Rg3+ Kf7 42. Rg4 Rb5 43. Bd6 Ra5 44. h4 Ra8 45. h5 Ra7 46. Rg3 Ra8 47. Rf3+ Kg8 48. g3 Rc8 1/2-1/2

[Event "NOR-ch Various 2019"]
[Site "Larvik"]
[Date "2019.07.06"]
[Round "1.38"]
[White "Kvam, Audun"]
[Black "Martinsen, Stig K"]
[Result "1/2-1/2"]
[ECO "B07"]
[WhiteElo "2017"]
[BlackElo "2177"]
[Annotator "NA"]
[PlyCount "72"]
[EventDate "2019.07.06"]
[EventType "swiss"]
[EventCountry "NOR"]
[SourceTitle "playchess.com"]
[Source "ChessBase"]
[SourceQuality "1"]
[TimeControl "40/5400+30:1800+30"]

1. e4 d6 2. Nc3 g6 3. f4 Bg7 4. Nf3 Bg4 5. Be2 Nc6 6. d3 e6 7. O-O Nge7 8. Qe1 Qd7 9. a4 h6 10. a5 a6 11. Nd1 e5 12. c3 Be6 13. Nf2 f5 14. exf5 gxf5 15. Be3 Nd5 16. Bd2 O-O 17. Qc1 Kh7 18. Kh1 Rae8 19. Ng1 Nf6 20. Bf3 Bd5 21. Qc2 Kh8 22. Rfe1 Qf7 23. b4 Qg6 24. Bxd5 Nxd5 25. Nf3 exf4 26. Nh3 Qg4 27. Nf2 Qh5 28. Nh3 Ne3 29. Bxe3 fxe3 30. Nf4 Qg4 31. Nh4 Ne5 32. g3 Bf6 33. Nhg2 Qg7 34. Nxe3 Bg5 35. Neg2 Qf7 36. d4 Ng6 1/2-1/2

[Event "NOR-ch Various 2019"]
[Site "Larvik"]
[Date "2019.07.06"]
[Round "1.39"]
[White "Fossan, Aleksander"]
[Black "Rasmussen, Jonas H"]
[Result "1-0"]
[ECO "C50"]
[WhiteElo "2155"]
[BlackElo "2017"]
[Annotator "NA"]
[PlyCount "117"]
[EventDate "2019.07.06"]
[EventType "swiss"]
[EventCountry "NOR"]
[SourceTitle "playchess.com"]
[Source "ChessBase"]
[SourceQuality "1"]
[TimeControl "40/5400+30:1800+30"]

1. e4 e5 2. Nf3 Nc6 3. Bc4 Bc5 4. d3 Nf6 5. Nc3 d6 6. Bg5 h6 7. Bxf6 Qxf6 8. Nd5 Qd8 9. c3 a6 10. d4 Ba7 11. dxe5 Nxe5 12. Nxe5 dxe5 13. Qh5 O-O 14. Qxe5 c6 15. Ne7+ Kh8 16. Nxc8 Rxc8 17. O-O Qh4 18. Qf5 Rce8 19. Bd3 g6 20. Qf3 Kg7 21. Rad1 Re5 22. Bc2 Qe7 23. Rd2 Rd8 24. Rxd8 Qxd8 25. Rd1 Qe7 26. g3 Re6 27. Qd3 Rf6 28. Rd2 Qc5 29. Qf1 Qg5 30. Qe1 h5 31. Kg2 Qc5 32. e5 Re6 33. f4 Re7 34. Re2 Qd5+ 35. Be4 Qxa2 36. g4 hxg4 37. Qh4 Qc4 38. Qxg4 Qc5 39. Kf3 Qa5 40. Qg5 Re6 41. h4 Qa1 42. Qg2 Qg1 43. h5 Qxg2+ 44. Rxg2 a5 45. hxg6 fxg6 46. Bf5 Re7 47. Rxg6+ Kf7 48. Ke4 Bc5 49. e6+ Kf8 50. Ke5 Rg7 51. Rh6 Ke7 52. Bh3 Be3 53. Rh8 Bc1 54. Rb8 b5 55. Rb7+ Kf8 56. Rxg7 Kxg7 57. e7 Kf7 58. Kd6 Bxf4+ 59. Kd7 1-0

[Event "NOR-ch Various 2019"]
[Site "Larvik"]
[Date "2019.07.06"]
[Round "1.40"]
[White "Carlsen, Christian Heen"]
[Black "Esbensen, Arnt"]
[Result "1/2-1/2"]
[ECO "A44"]
[WhiteElo "2013"]
[BlackElo "2153"]
[Annotator "NA"]
[PlyCount "84"]
[EventDate "2019.07.06"]
[EventType "swiss"]
[EventCountry "NOR"]
[SourceTitle "playchess.com"]
[Source "ChessBase"]
[SourceQuality "1"]
[TimeControl "40/5400+30:1800+30"]

1. d4 c5 2. d5 e5 3. e4 d6 4. Nc3 Be7 5. f4 exf4 6. Bxf4 a6 7. a4 Bg5 8. Bg3 Bh4 9. Nf3 Bxg3+ 10. hxg3 Ne7 11. Qd2 Ng6 12. Bd3 Nd7 13. Nd1 Nde5 14. Ne3 Qf6 15. O-O-O O-O 16. Rdf1 b5 17. Rh5 Nxf3 18. Rxf3 Qd4 19. Nf5 Bxf5 20. exf5 c4 21. fxg6 fxg6 22. Bxg6 Qg1+ 23. Qd1 Qxd1+ 24. Kxd1 hxg6 25. Rg5 Rxf3 26. gxf3 Kf7 27. Kd2 Rh8 28. axb5 axb5 29. Kc3 Rh2 30. Rg4 Rf2 31. Rf4+ Ke7 32. b3 cxb3 33. cxb3 g5 34. Re4+ Kd7 35. Re3 Kc7 36. Kb4 Rd2 37. Kxb5 Rxd5+ 38. Kc4 Kc6 39. Re7 Rc5+ 40. Kd4 Rb5 41. Rxg7 Rxb3 42. Rxg5 Rxf3 1/2-1/2

[Event "NOR-ch Various 2019"]
[Site "Larvik"]
[Date "2019.07.06"]
[Round "1.41"]
[White "Skotheim, Andreas"]
[Black "Kjoita, Torgeir"]
[Result "1/2-1/2"]
[ECO "A70"]
[WhiteElo "2138"]
[BlackElo "2012"]
[Annotator "NA"]
[PlyCount "81"]
[EventDate "2019.07.06"]
[EventType "swiss"]
[EventCountry "NOR"]
[SourceTitle "playchess.com"]
[Source "ChessBase"]
[SourceQuality "1"]
[TimeControl "40/5400+30:1800+30"]

1. d4 Nf6 2. c4 c5 3. d5 e6 4. Nc3 exd5 5. cxd5 d6 6. Nf3 g6 7. h3 a6 8. a4 Bg7 9. e4 O-O 10. Bd3 Re8 11. O-O Qc7 12. Qe2 Nbd7 13. Be3 Rb8 14. Nd2 Ne5 15. Bc2 Qe7 16. Rfb1 Ned7 17. Nc4 Ne5 18. Nb6 Ned7 19. Nc4 Ne5 20. Nd2 Ned7 21. Re1 Nh5 22. g4 Nhf6 23. Bf4 h5 24. Nc4 Ne5 25. Nxe5 dxe5 26. Bg5 hxg4 27. hxg4 Qd7 28. f3 b5 29. axb5 axb5 30. Ra5 c4 31. Rea1 b4 32. Nd1 Qc7 33. Be3 Nd7 34. b3 c3 35. Nf2 Bb7 36. Nd3 Bf8 37. Kg2 Ra8 38. Ra7 Rxa7 39. Rxa7 Ra8 40. Rxa8 Bxa8 41. Qf2 1/2-1/2

[Event "NOR-ch Various 2019"]
[Site "Larvik"]
[Date "2019.07.07"]
[Round "2.1"]
[White "Strand, Kjetil"]
[Black "Hovden, Hans"]
[Result "0-1"]
[ECO "C06"]
[WhiteElo "2035"]
[BlackElo "1810"]
[Annotator "NA"]
[PlyCount "91"]
[EventDate "2019.07.06"]
[EventType "swiss"]
[EventCountry "NOR"]
[SourceTitle "playchess.com"]
[Source "ChessBase"]
[SourceQuality "1"]
[TimeControl "40/5400+30:1800+30"]

1. e4 e6 2. d4 d5 3. Nd2 Nf6 4. e5 Nfd7 5. Bd3 c5 6. c3 Nc6 7. Ngf3 f6 8. Ng5 Ndxe5 9. dxe5 fxg5 10. Qh5+ Kd7 11. Nf3 Be7 12. Nxg5 g6 13. Qg4 Bxg5 14. Bxg5 Qf8 15. Bf6 Rg8 16. O-O Kc7 17. a4 c4 18. Be2 Na5 19. Qh4 Qf7 20. Be7 b6 21. Rfd1 Kc6 22. Bf3 g5 23. Bxg5 Qf5 24. Qd4 Kc7 25. Bxd5 exd5 26. Be7 Be6 27. Bd6+ Kd7 28. Qh4 Qg5 29. Qxg5 Rxg5 30. Re1 Rag8 31. g3 Nb3 32. Rad1 Nc5 33. Bxc5 bxc5 34. f4 Rf5 35. Kf2 Kc6 36. Re3 h5 37. Kf3 Rf7 38. Rd2 Rd7 39. f5 Bxf5 40. e6 Re7 41. Re5 Bg4+ 42. Kf4 Rxe6 43. Rexd5 Rf6+ 44. Ke4 Re8+ 45. Re5 Bf3+ 46. Ke3 0-1

[Event "NOR-ch Various 2019"]
[Site "Larvik"]
[Date "2019.07.07"]
[Round "2.2"]
[White "Overlie, Finn"]
[Black "Stake-Larsen, Gunnar"]
[Result "0-1"]
[ECO "D48"]
[WhiteElo "1794"]
[BlackElo "1976"]
[Annotator "NA"]
[PlyCount "50"]
[EventDate "2019.07.06"]
[EventType "swiss"]
[EventCountry "NOR"]
[SourceTitle "playchess.com"]
[Source "ChessBase"]
[SourceQuality "1"]
[TimeControl "40/5400+30:1800+30"]

1. d4 d5 2. c4 e6 3. Nf3 c6 4. e3 Nf6 5. Nc3 Nbd7 6. Bd3 dxc4 7. Bxc4 b5 8. Bd3 a6 9. O-O c5 10. Ne4 Bb7 11. Nxf6+ Nxf6 12. b3 cxd4 13. exd4 Be7 14. Bb2 O-O 15. Rc1 Nd5 16. Re1 Bf6 17. Ne5 Bxe5 18. Rxe5 Qf6 19. Be4 Rac8 20. Qg4 Qh6 21. Bxh7+ Qxh7 22. Rh5 Rxc1+ 23. Bxc1 Qb1 24. h3 Qxc1+ 25. Kh2 Nf6 0-1

[Event "NOR-ch Various 2019"]
[Site "Larvik"]
[Date "2019.07.07"]
[Round "2.3"]
[White "Starli, Atle"]
[Black "Kyrkjebo, Eirik"]
[Result "1-0"]
[ECO "A52"]
[WhiteElo "1526"]
[BlackElo "1598"]
[Annotator "NA"]
[PlyCount "47"]
[EventDate "2019.07.06"]
[EventType "swiss"]
[EventCountry "NOR"]
[SourceTitle "playchess.com"]
[Source "ChessBase"]
[SourceQuality "1"]
[TimeControl "40/5400+30:1800+30"]

1. d4 Nf6 2. c4 e5 3. dxe5 Ng4 4. Nf3 Nc6 5. Bf4 Bb4+ 6. Nc3 d6 7. exd6 Qf6 8. Qd2 cxd6 9. e3 O-O 10. Bd3 Re8 11. O-O Qe6 12. Ng5 Qe7 13. Bxh7+ Kf8 14. Bc2 Be6 15. Qd3 Nf6 16. Nh7+ Nxh7 17. Qxh7 Qf6 18. a3 g5 19. Ne4 Qf5 20. Qh8+ Ke7 21. Bxg5+ Qxg5 22. Qxe8+ Rxe8 23. Nxg5 Ba5 24. Nxe6 1-0

[Event "NOR-ch Various 2019"]
[Site "Larvik"]
[Date "2019.07.07"]
[Round "2.4"]
[White "Mottang, Harald"]
[Black "Simonsen, Steinar"]
[Result "1-0"]
[ECO "D07"]
[WhiteElo "1559"]
[BlackElo "1487"]
[Annotator "NA"]
[PlyCount "81"]
[EventDate "2019.07.06"]
[EventType "swiss"]
[EventCountry "NOR"]
[SourceTitle "playchess.com"]
[Source "ChessBase"]
[SourceQuality "1"]
[TimeControl "40/5400+30:1800+30"]

1. Nf3 d5 2. c4 e6 3. d4 Nf6 4. Nc3 Nc6 5. g3 Bb4 6. Bg2 Bxc3+ 7. bxc3 dxc4 8. Ba3 Ne7 9. Qa4+ Bd7 10. Qxc4 O-O 11. O-O Re8 12. Rab1 b5 13. Qd3 h6 14. Ne5 Rb8 15. Bc5 a6 16. Ba7 c6 17. Bxb8 Qxb8 18. a4 Qc7 19. axb5 cxb5 20. Rfc1 Rb8 21. c4 b4 22. f4 a5 23. e4 Ne8 24. d5 Bc8 25. c5 Ng6 26. Nc6 Ra8 27. f5 exf5 28. exf5 Ne5 29. Nxe5 Qxe5 30. Be4 Nf6 31. Re1 Nxe4 32. Qxe4 Qxe4 33. Rxe4 Bxf5 34. Rbe1 Bxe4 35. Rxe4 b3 36. d6 b2 37. Re1 a4 38. d7 Kf8 39. c6 Rb8 40. c7 b1=Q 41. d8=Q+ 1-0